 Dungeon Crawl Stone Soup version 0.32-a0-893-gf85d74f360 (webtiles) character file.

Game seed: 16454605362261735139

25145 Biggs the Fencer (level 13, -4/103 HPs)
             Began as a Coglin Gladiator on Apr 4, 2024.
             Was an Initiate of Wu Jian.
             Slain by a deep elf blademaster
             ... wielding a +0 quick blade
             ... created by the fury of Okawaru
              (17 damage)
             ... on level 2 of the Lair of Beasts.
             The game lasted 00:34:15 (13937 turns).

Biggs the Fencer (Coglin Gladiator)                Turns: 13937, Time: 00:34:16

Health: -4/103     AC: 12    Str: 15    XL:     13   Next: 17%
Magic:  1/13       EV: 19    Int:  7    God:    Wu Jian [......]
Gold:   1110       SH:  0    Dex: 21    Spells: 12/12 levels left

rFire   . . .        R - +2 double sword (holy) {Amurritum}
rCold   . . .        M - +1 scimitar (flame) {Septimus}
rNeg    . . .        P - +0 troll leather armour
rPois   .            c - +0 helmet
rElec   .            B - +0 cloak
rCorr   .            Q - +3 Mad Mage's Maulers {Infuse+∞ VampMP -Cast}
SInv    .            h - +2 pair of boots
Will    .....        (amulet unavailable)
Stlth   ++           (ring unavailable)
HPRegen 1.17/turn    (ring unavailable)
MPRegen 0.13/turn    (no gizmo)

%: no spellcasting, infuse magic (1 MP)
@: revving
A: off-hand wielding, slow wielding, warmup strikes, no jewellery
a: Invent Gizmo, Renounce Religion


You were on level 2 of the Lair of Beasts.
You worshipped Wu Jian.
Wu Jian was noncommittal.
You visited 3 branches of the dungeon, and saw 14 of its levels.
You also visited: Ossuary.

You collected 1110 gold pieces.

Inventory:

Hand Weapons
 a - a +0 long sword {Sachi}
 E - a +0 scimitar {Kaya}
 I - a +3 falchion {Ming}
 M - a +1 scimitar of flaming (offhand) {Septimus}
 R - a +2 double sword of holy wrath (weapon) {Amurritum}
Missiles
 d - 4 throwing nets (quivered)
 e - 9 javelins
 J - 7 silver javelins
Armour
 c - a +0 helmet (worn)
 g - +0 fire dragon scales
 h - a +2 pair of boots (worn)
 n - the +2 ring mail of Inviolability {rPois Dex+5 Stlth+}
   (You found it on level 3 of the Dungeon)

   Dex+5:     It affects your dexterity (+5).
   rPois:     It protects you from poison.
   Stlth+:    It makes you more stealthy.
 B - a +0 cloak (worn)
 F - +0 steam dragon scales
 K - a +2 pair of gloves
 P - a +0 troll leather armour (worn)
 Q - the +3 Mad Mage's Maulers (worn) {Infuse+∞ VampMP -Cast}
   (Okawaru gifted it to you on level 1 of the Lair of Beasts)

   Infuse+∞: It empowers its wearer's blows with all of their magic.
   VampMP:    Blows struck in melee replenish the wearer's magic.
   -Cast:     It prevents spellcasting.
Wands
 b - a wand of flame (31)
 r - a wand of polymorph (10)
 H - a wand of paralysis (9)
Scrolls
 f - 5 scrolls of amnesia
 i - 5 scrolls of revelation
 j - 2 scrolls of fog
 k - 3 scrolls of vulnerability
 l - 2 scrolls of noise
 p - 3 scrolls of immolation
 q - 4 scrolls of poison
 w - a scroll of silence
 y - a scroll of enchant weapon {unknown}
 C - a scroll of teleportation {unknown}
 L - a scroll of fear {unknown}
 S - a scroll of identify
Potions
 m - 4 potions of degeneration {unknown}
 o - 4 potions of might {unknown}
 t - 2 potions of mutation {unknown}
 u - 4 potions of heal wounds {unknown}
 v - 4 potions of curing {unknown}
 x - 2 potions of cancellation {unknown}
 z - a potion of resistance {unknown}
 A - a potion of invisibility {unknown}
 D - a potion of brilliance {unknown}
 G - 5 potions of enlightenment {unknown}
 N - a potion of haste {unknown}
 O - a potion of lignification {unknown}


   Skills:
 + Level 10.2 Fighting
 - Level 16.0 Long Blades
 - Level 1.7 Throwing
 - Level 11.1 Dodging


You had 12 spell levels left.
You didn't know any spells.
Your spell library contained the following spells:

 Spells                   Type           Power      Damage    Failure   Level
 Apportation              Tloc           0%         N/A       50%         1
 Freeze                   Ice            0%         1d3       50%         1
 Magic Dart               Conj           0%         1d3       50%         1
 Necrotise                Necr           0%         1d4       50%         1
 Sting                    Conj/Alch      0%         1d3       50%         1
 Summon Small Mammal      Summ           0%         N/A       50%         1
 Blink                    Tloc           0%         N/A       65%         2
 Call Imp                 Summ           0%         N/A       65%         2
 Mercury Vapours          Alch/Air       0%         N/A       65%         2
 Sublimation of Blood     Necr           0%         N/A       65%         2
 Frozen Ramparts          Ice            0%         1d1       86%         3
 Hailstorm                Conj/Ice       0%         3d5       86%         3
 Volatile Blastmotes      Fire/Tloc      0%         2d10      86%         3
 Fulminant Prism          Conj/Alch      0%         3d5       99%         4
 Iskenderun's Mystic Bla Conj/Tloc 0%             2d3        (+2d1     99%         4
 Olgreb's Toxic Radiance  Alch           0%         N/A       99%         4
 Summon Hydra             Summ           0%         N/A       100%        7


Dungeon Overview and Level Annotations

Branches:
Dungeon (11/15)            Temple (1/1) D:4            Lair (2/5) D:11
    Orc (0/2) D:9         Ossuary (visited)
  Swamp: Lair:2-3    Shoals: Lair:2-3     Snake: Lair:2-3    Spider: Lair:2-3

Altars:
Ashenzari
Cheibriados
Dithmenos
Elyvilon
Fedhas
Gozag
Hepliaklqana
Kikubaaqudgha
Makhleb
Nemelex Xobeh
Okawaru
Qazlal
Ru
Sif Muna
Trog
Uskayaw
Vehumet
Wu Jian
Xom
Yredelemnul
Zin
The Shining One

Shops:
D:8 (

Annotations:
D:9 exclusion: oklob plant
D:10 exclusion: obsidian statue


Innate Abilities, Weirdness & Mutations

You can wield a second weapon in your off-hand.
It takes a long time for you to wield or remove held weapons.
Your first few attacks do less damage.
You cannot equip rings or amulets.


Message History

Press: ? - help, Dir - move target
As you read the scroll of blinking, it crumbles to dust.
Okay, then.
Blink to where?
Press: ? - help, Dir - move target
As you read the scroll of blinking, it crumbles to dust.
Found 4 gold pieces.
You open the deep elf blademaster like a pillowcase with your +2 double sword of holy wrath!!!
The deep elf blademaster is heavily wounded.
You completely miss the deep elf blademaster with your +1 scimitar of flaming.
The deep elf blademaster hits you with a +0 quick blade!
The deep elf blademaster hits you with a +0 quick blade. x2
The deep elf blademaster hits you with a +0 quick blade!
You miss the deep elf blademaster with your +2 double sword of holy wrath.
The deep elf blademaster is heavily wounded.
You closely miss the deep elf blademaster with your +1 scimitar of flaming.
The deep elf blademaster hits you but does no damage. x2
The deep elf blademaster hits you with a +0 quick blade!
The deep elf blademaster hits you but does no damage.
Unknown command.
You completely miss the deep elf blademaster with your +1 scimitar of flaming.
The deep elf blademaster is heavily wounded.
You slice the deep elf blademaster with your +2 double sword of holy wrath!!
The deep elf blademaster hits you with a +0 quick blade!
* * * LOW HITPOINT WARNING * * *
The deep elf blademaster hits you but does no damage.
The deep elf blademaster hits you with a +0 quick blade!
* * * LOW HITPOINT WARNING * * *
The deep elf blademaster hits you but does no damage.
You hit the deep elf blademaster with your +1 scimitar of flaming.
You burn the deep elf blademaster.
The deep elf blademaster is severely wounded.
You completely miss the deep elf blademaster with your +2 double sword of holy wrath.
The deep elf blademaster barely misses you.
The deep elf blademaster hits you with a +0 quick blade!
* * * LOW HITPOINT WARNING * * *
The deep elf blademaster hits you with a +0 quick blade.
* * * LOW HITPOINT WARNING * * *
The deep elf blademaster hits you with a +0 quick blade!
You die...

##..# #..##
#.$.# #...#
##..###...#
##...##....#
##...#####..#
#....# ##..#
#....##
#P..##
#...eP#
##...##
###.@##
#....# #...#
#P..## #...##
##..# ##..
#.<#### ...
###...#.#
#...
#.#....## ##
##.. ##....##
##. #..
#....#####..
#
##....##....


You could see a deep elf blademaster.

Vanquished Creatures
  Snorg (D:11)
  Harold (Lair:1)
  A hydra (Lair:2)
  Erica (D:9)
  2 two-headed ogres
  Sonja (D:11)
  Pikel (D:6)
  A cyclops (D:11)
  A black mamba (Lair:1)
  2 gargoyles (D:11)
  2 unseen horrors
  4 komodo dragons
  8 cane toads
  4 trolls
  2 hornets
  Grinder (D:5)
  8 blink frogs
  A wyvern (D:10)
  42 yaks
  A warg (D:9)
  4 steam dragons
  A vampire mosquito (D:11)
  8 water moccasins
  2 ice beasts
  4 orc warriors
  2 sky beasts
  A wolf (D:9)
  9 centaurs
  An ogre (D:5)
  2 lemures (D:6)
  Blork the orc (D:4)
  3 kobold brigands
  6 bullfrogs
  A gnoll sergeant (D:10)
  3 scorpions
  3 wights (D:8)
  22 killer bees
  3 hounds
  Crazy Yiuf (D:5)
  A jelly (D:5)
  2 gnoll boudas
  3 orc priests
  3 sleepcaps
  4 iguanas
  10 orc wizards
  8 mummies (Ossuary)
  15 gnolls
  7 adders
  A white imp (D:7)
  3 dart slugs (D:1)
  A ribbon worm (D:3)
  28 orcs
  6 ball pythons
  5 bats
  4 endoplasms
  2 giant cockroaches (D:1)
  2 gnoll zombies (Ossuary)
  5 goblins
  6 hobgoblins
  2 jackals (D:1)
  20 kobolds
  A quokka (D:1)
  2 frilled lizards
  A hobgoblin zombie (Ossuary)
  3 kobold zombies (Ossuary)
  2 orc zombies (Ossuary)
  6 rats
315 creatures vanquished.

Notes
Turn   | Place    | Note
-------+----------+-------------------------------------------
     0 | D:1      | Biggs the Coglin Gladiator began the quest for the Orb.
     0 | D:1      | Reached XP level 1. HP: 16/16 MP: 1/1
    62 | D:1      | Reached XP level 2. HP: 22/22 MP: 2/2
   219 | D:1      | Reached skill level 4 in Long Blades
   228 | D:1      | Reached XP level 3. HP: 27/27 MP: 3/3
   621 | D:2      | Found a faded altar of an unknown god.
   664 | D:2      | Reached XP level 4. HP: 33/33 MP: 4/4
   918 | D:2      | Reached skill level 5 in Long Blades
  1075 | D:3      | Noticed a water elemental
  1077 | D:3      | Found a stormy altar of Qazlal.
  1090 | D:3      | Noticed an air elemental
  1090 | D:3      | Noticed an earth elemental
  1090 | D:3      | Noticed a fire elemental
  1239 | D:3      | Identified the +2 ring mail of Inviolability {rPois Dex+5
                  | Stlth+}
  1743 | D:4      | Found a staircase to the Ecumenical Temple.
  1747 | D:4      | Reached XP level 5. HP: 38/38 MP: 5/5
  1763 | Temple   | Entered the Ecumenical Temple
  1778 | Temple   | Became a worshipper of Warmaster Okawaru
  1994 | D:4      | Found a sand-covered staircase.
  1998 | D:4      | Noticed Blork the orc
  2007 | D:4      | Killed Blork the orc
  2008 | D:4      | Reached skill level 6 in Long Blades
  2015 | Ossuary  | Entered an ossuary
  2059 | Ossuary  | Reached XP level 6. HP: 28/44 MP: 6/6
  2255 | Ossuary  | Reached * piety under Okawaru
  2356 | Ossuary  | Reached skill level 7 in Long Blades
  3049 | D:5      | Entered Level 5 of the Dungeon
  3063 | D:5      | Reached XP level 7. HP: 38/50 MP: 7/7
  3218 | D:5      | Reached skill level 8 in Long Blades
  3410 | D:5      | Reached ** piety under Okawaru
  3639 | D:5      | Reached skill level 9 in Long Blades
  3728 | D:5      | Reached XP level 8. HP: 55/56 MP: 8/8
  3875 | D:5      | Noticed Grinder
  3885 | D:5      | Paralysed by Grinder for 5 turns
  3895 | D:5      | Paralysed by Grinder for 5 turns
  3902 | D:5      | Killed Grinder
  4416 | D:5      | Found a runed translucent door.
  4417 | D:5      | Noticed Crazy Yiuf
  4425 | D:5      | Killed Crazy Yiuf
  4500 | D:6      | Reached skill level 5 in Dodging
  4551 | D:6      | Noticed Pikel
  4614 | D:6      | Killed Pikel
  4718 | D:6      | Reached *** piety under Okawaru
  4719 | D:6      | Reached XP level 9. HP: 60/61 MP: 9/9
  5348 | D:7      | Reached skill level 5 in Fighting
  5736 | D:7      | Reached **** piety under Okawaru
  5737 | D:7      | Reached skill level 10 in Long Blades
  5841 | D:7      | Noticed a +0 falchion
  5842 | D:7      | Noticed a +0 falchion
  5842 | D:7      | Noticed a +0 short sword
  5843 | D:7      | Noticed a +0 spear
  5843 | D:7      | Noticed a +0 short sword
  5844 | D:7      | Noticed a +0 dagger
  5845 | D:7      | Noticed a +0 dagger
  5847 | D:7      | Noticed a +0 spear
  5963 | D:7      | Found a hide-covered altar of Uskayaw.
  6477 | D:8      | Reached skill level 11 in Long Blades
  6584 | D:8      | You fall into a shaft and drop 2 floors!
  6584 | D:10     | Entered Level 10 of the Dungeon
  6629 | D:9      | Reached XP level 10. HP: 44/74 MP: 10/10
  6757 | D:9      | Noticed a two-headed ogre
  6779 | D:9      | Killed a two-headed ogre
  6779 | D:9      | Reached ***** piety under Okawaru
  6934 | D:8      | Reached skill level 12 in Long Blades
  7198 | D:8      | Received a gift from Okawaru
  7274 | D:8      | Found Zuaze's Weapon Boutique.
  7389 | D:8      | Found a shimmering altar of Xom.
  7785 | D:9      | Reached skill level 13 in Long Blades
  7849 | D:9      | Found a glowing golden altar of the Shining One.
  7928 | D:9      | Found a staircase to the Orcish Mines.
  8163 | D:9      | Noticed Erica
  8202 | D:9      | Killed Erica
  8202 | D:9      | Received a gift from Okawaru
  8266 | D:9      | Found a basalt altar of Yredelemnul.
  8432 | D:9      | Reached skill level 14 in Long Blades
  8432 | D:9      | Reached XP level 11. HP: 67/80 MP: 11/11
  8532 | D:9      | Found a blossoming altar of Fedhas.
  8548 | D:9      | Noticed an oklob plant
  8911 | D:10     | Noticed an obsidian statue
  9579 | D:10     | Found a glowing silver altar of Zin.
  9896 | D:11     | Noticed a cyclops
  9904 | D:11     | Killed a cyclops
  9910 | D:11     | Noticed a two-headed ogre
 10066 | D:11     | Noticed Snorg
 10287 | D:11     | Noticed Sonja
 10302 | D:11     | Killed Sonja
 10302 | D:11     | Received a gift from Okawaru
 10349 | D:11     | Found a staircase to the Lair.
 10396 | Lair:1   | Entered Level 1 of the Lair of Beasts
 10453 | Lair:1   | Reached skill level 10 in Fighting
 10533 | Lair:2   | Noticed a five-headed hydra
 10666 | Lair:1   | Reached XP level 12. HP: 70/97 MP: 12/12
 10671 | Lair:1   | Received a gift from Okawaru
 10674 | Lair:1   | Reached ****** piety under Okawaru
 10730 | Lair:1   | Acquired the +3 Mad Mage's Maulers {Infuse+∞ VampMP -Cast}
 10730 | Lair:1   | Received a gift from Okawaru
 10730 | Lair:1   | Found the +3 Mad Mage's Maulers {Infuse+∞ VampMP -Cast}
 10742 | Lair:1   | Acquired a +2 double sword of holy wrath
 10742 | Lair:1   | Received a gift from Okawaru
 10861 | Lair:1   | Reached skill level 10 in Dodging
 10966 | Lair:1   | Received a gift from Okawaru
 10988 | Lair:1   | Noticed Harold
 11214 | D:11     | Killed a two-headed ogre
 11351 | D:11     | Killed Snorg
 12192 | Lair:1   | Killed Harold
 12192 | Lair:1   | Received a gift from Okawaru
 12642 | Lair:2   | Killed a nine-headed hydra
 12814 | Lair:2   | Reached skill level 15 in Long Blades
 13049 | Lair:2   | Reached XP level 13. HP: 96/103 MP: 0/13
 13264 | Temple   | Fell from the grace of Okawaru
 13264 | Temple   | Became a worshipper of the Wu Jian Council
 13615 | Lair:2   | Reached skill level 16 in Long Blades
 13907 | Lair:2   | Noticed a fire giant
 13907 | Lair:2   | Noticed a deep elf blademaster
 13907 | Lair:2   | Noticed a frost giant
 13937 | Lair:2   | Slain by a deep elf blademaster

Illustrated notes

Levels and vault maps discovered:
D:1:      lemuel_arrival_lava_pool, layout_rooms, minivault_27,
          serial_park_tiny_1
D:2:      layout_basic, shapermc_ecumenical_altar_mp_highgroup
D:3:      layout_loops_ring, nicolae_qazlal_style_of_elements,
          minmay_misc_feat_nine_boxes, minivault_26, serial_bayou_lagoon_a
D:4:      layout_loops_ring, minmay_temple_entry_junction_2,
          nicolae_ossuary_entry_monument, uniq_blork_the_orc
D:5:      layout_loops_ring, chequers_serial_rivers_small_b,
          dreamdust_gnoll_farm, uniq_crazy_yiuf_cottage, uniq_grinder
D:6:      nicolae_BIG_FREAKIN_CUBE, layout_loops_cross, uniq_pikel
D:7:      wander_river, layout_basic, nicolae_uskayaw_en_pointe, minivault_27
D:8:      layout_rooms, mainiacjoe_overflow_brackets, serial_shops, shop,
          roderic_lattice_a, nicolae_straight_to_the_point
D:9:      layout_stronghold, lemuel_coloured_pillars_altar, tgw_fedhas,
          old_standard_altar, minmay_orc_entry_guard_dogs, uniq_erica
D:10:     layout_roguey, mainiacjoe_overflow_cross_hatched, serial_aquarium,
          aquarium_bridge_long_separate [aquarium_subvault_bridge,
          aquarium_subvault_bridge, aquarium_subvault_window,
          aquarium_subvault_wall, aquarium_subvault_bridge,
          aquarium_subvault_window], aquarium_window_fake, aquarium_window_1,
          aquarium_window_fake, aquarium_view_2c, aquarium_pool_S,
          minmay_statue_bubble, uniq_psyche
D:11:     wad_crossroads, layout_loops_cross, lair_entry_dummy,
          kennysheep_pointless_box, uniq_snorg, uniq_sonja
Temple:   eino_wide_crystal_templ
Lair:1:   layout_big_grid, minivault_19, grunt_megastairs_4, uniq_harold
Lair:2:   layout_cave_pods

Skill      XL: |  1  2  3  4  5  6  7  8  9 10 11 12 13 |
---------------+----------------------------------------+-----
Long Blades    | 4 5 6 7 9 11 14 15 16 | 16.0
Dodging        | 3 7 8 11 | 11.1
Fighting       | 5 10 | 10.2
Throwing       | |  1.7

Action                     |  1- 3 |  4- 6 |  7- 9 | 10-12 | 13-15 || total
---------------------------+-------+-------+-------+-------+-------++-------
  Melee: Dagger            |    52 |   120 |     9 |       |       ||   181
         Long sword        |    59 |   129 |   214 |    26 |       ||   428
         Falchion          |       |       |   135 |   276 |       ||   411
         Scimitar          |       |       |    79 |   373 |    31 ||   483
         Double sword      |       |       |       |    82 |    28 ||   110
  Throw: Throwing net      |       |       |       |     4 |       ||     4
         Javelin           |       |       |       |     7 |       ||     7
 Invoke: Receive Weapon    |       |       |       |     1 |       ||     1
         Receive Armour    |       |       |       |     1 |       ||     1
Ability: Lunge             |       |       |       |       |     4 ||     4
  Evoke: Wand              |       |       |       |     6 |       ||     6
    Use: Scroll            |       |     7 |     2 |     8 |     2 ||    19
   Stab: Sleeping          |     1 |     3 |     3 |     2 |       ||     9
         Distracted        |       |       |     1 |       |       ||     1
         Held in net/web   |       |       |       |     2 |       ||     2
 Armour: Leather armour    |    35 |       |       |       |       ||    35
         Fire dragon scale |    18 |    23 |       |       |       ||    41
         Ring mail         |       |    47 |   137 |   106 |       ||   290
         Troll leather arm |       |       |       |   184 |    25 ||   209
  Dodge: Dodged            |    31 |    51 |   132 |   345 |    15 ||   574

Table legend: (Time is in decaauts)
 A = Elapsed time spent in this place.
 B = Non-inter-level travel time spent in this place.
 C = Inter-level travel time spent in this place.
 D = Time resting spent in this place.
 E = Time spent auto-exploring this place.
 F = Levels seen in this place.
 G = Mean time per level.
                   A        B        C        D        E       F      G
               +--------+--------+--------+--------+--------+-----+--------+
         Total |  13812 |  12988 |    824 |    577 |   9896 |  15 |  920.8 |
       Dungeon |  11209 |  10508 |    701 |    377 |   8272 |  11 | 1019.0 |
        Temple |     58 |      5 |     53 |      0 |      0 |   1 |   58.0 |
          Lair |   2004 |   1935 |     69 |     78 |   1393 |   2 | 1002.0 |
       Ossuary |    540 |    540 |      0 |    122 |    231 |   1 |  540.0 |
               +--------+--------+--------+--------+--------+-----+--------+

Top non-repeatable levels by time:
    D:11: 1559 daAuts
     D:5: 1415 daAuts
     D:9: 1362 daAuts
    D:10: 1256 daAuts
     D:7: 1243 daAuts
  Lair:2: 1128 daAuts
     D:8: 969 daAuts
     D:4: 882 daAuts
  Lair:1: 876 daAuts
     D:6: 867 daAuts
     D:3: 652 daAuts
     D:1: 548 daAuts
 Ossuary: 540 daAuts
     D:2: 450 daAuts
  Temple: 58 daAuts
